[Event "Benidorm Open-B 2022"]
[Site "Benidorm"]
[Date "2022.12.06"]
[Round "5.6"]
[White "Garcia Bueno, Juan Pablo"]
[Black "Swapna C N"]
[Result "0-1"]
[ECO "A40"]
[WhiteElo "1788"]
[BlackElo "1481"]
[Annotator "NA RC COMBH"]
[PlyCount "52"]
[EventDate "2022.12.03"]
[EventType "swiss"]
[EventCountry "ESP"]
[SourceTitle "playchess.com"]
[Source "ChessBase"]
[SourceQuality "1"]
[TimeControl "5400+30"]

1. d4 f5 2. Nf3 e6 3. g3 Nf6 4. Bg2 c6 5. O-O d5 6. c4 Bd6 7. Nbd2 O-O 8. Ne5 Bxe5 9. dxe5 Ne4 10. Qc2 Nd7 11. cxd5 exd5 12. Nxe4 fxe4 13. Rd1 Qe7 14. Bxe4 dxe4 15. Qxe4 Qxe5 16. Qc4+ Kh8 17. Bf4 Qh5 18. Bd6 Re8 19. g4 Qg6 20. h3 Nb6 21. Qf4 h5 22. f3 Rxe2 23. Be5 Nd5 24. Rxd5 cxd5 25. Rc1 Bd7 26. Rc7 Re8 0-1

[Event "Benidorm Open-B 2022"]
[Site "Benidorm"]
[Date "2022.12.06"]
[Round "5.7"]
[White "Stokes, Paul C"]
[Black "Selva Salvador, Antonio"]
[Result "0-1"]
[ECO "A43"]
[WhiteElo "1791"]
[BlackElo "1954"]
[Annotator "TA"]
[PlyCount "70"]
[EventDate "2022.12.03"]
[EventType "swiss"]
[EventCountry "ESP"]
[SourceTitle "playchess.com"]
[Source "ChessBase"]
[SourceQuality "1"]
[TimeControl "5400+30"]

1. d4 c5 2. d5 d6 3. Nc3 Nf6 4. e4 g6 5. Nf3 Bg7 6. Bd3 O-O 7. O-O b6 {A43: Schmid Benoni.} 8. Qe2 a6 9. a4 $1 {[#] Against b5} e6 $146 {White is slightly better.} ({Predecessor:} 9... Ra7 10. Re1 Nbd7 11. Bf4 Ne8 12. e5 dxe5 13. Nxe5 Nxe5 14. Bxe5 Bxe5 15. Qxe5 Qd6 {1-0 (64) Luo,T (2390)-Legenia,A (2092) Chess.com INT 2022}) 10. Rd1 (10. Bc4 $14) 10... exd5 $11 11. Nxd5 Nxd5 12. exd5 Re8 13. Qf1 Bg4 14. Be2 Qe7 15. Be3 Qf6 ({Much weaker is} 15... Bxb2 16. Rab1 Bxf3 17. Bxf3) (15... Bxf3 $15 16. Bxf3 Bxb2) 16. c3 $14 h6 17. h3 Bf5 18. Nh2 Qe7 19. Bd3 (19. Re1 $14 {is more appropriate.}) 19... Bxd3 $11 20. Qxd3 Nd7 21. Nf3 Nf6 22. Bf4 Qd7 23. Re1 {Against Re4} Rxe1+ 24. Rxe1 (24. Nxe1 $11 Re8 25. Bg3) 24... Qxa4 $15 25. Bxd6 Qd7 ({Black should try} 25... Rd8 $17 {...c4 is the strong threat.} 26. Be5 Rxd5) 26. Bf4 {Inhibits c4.} (26. Be5 $11 {keeps the balance.}) 26... Qxd5 $17 ({But not} 26... Nxd5 27. Rd1 Rd8 28. Qxa6 $11) 27. Qc2 b5 28. Rd1 Qc4 $36 {[%mdl 2048] Black is on the roll.} 29. Qd2 Ne4 30. Qd5 Qxd5 31. Rxd5 b4 32. cxb4 cxb4 33. Be5 a5 {[#] Strongly threatening ...a4.} 34. Rd4 {Against a4} (34. Rb5 $17) 34... Ng5 $19 {White must now prevent ...Nxf3+.} 35. Nxg5 (35. Bxg7 Nxf3+ 36. gxf3 Kxg7 37. Kg2) 35... Bxe5 {Weighted Error Value: White=0.43/Black=0.11 (very precise)} 0-1

[Event "Benidorm Open-B 2022"]
[Site "Benidorm"]
[Date "2022.12.06"]
[Round "5.8"]
[White "Urena Casacuberta, Lluis"]
[Black "Martinez Dourado, Daniel"]
[Result "0-1"]
[ECO "B01"]
[WhiteElo "1917"]
[BlackElo "1837"]
[Annotator "TA"]
[PlyCount "72"]
[EventDate "2022.12.03"]
[EventType "swiss"]
[EventCountry "ESP"]
[SourceTitle "playchess.com"]
[Source "ChessBase"]
[SourceQuality "1"]
[TimeControl "5400+30"]

1. e4 d5 2. exd5 Nf6 3. Bb5+ Nbd7 4. Nc3 a6 5. Bc4 b5 6. Bb3 {B01: Scandinavian Defence.} Nc5 7. d4 Nxb3 8. axb3 {White has an edge.} Bb7 9. Nf3 {[#]} b4 $146 ({Predecessor:} 9... Nxd5 10. Nxd5 Qxd5 11. O-O e6 12. Qe2 Bd6 13. c4 Qh5 14. d5 O-O 15. h3 exd5 16. cxb5 axb5 17. Rxa8 Bxa8 18. Qxb5 {0-1 (51) Silva,A (1775)-Thiel,T (2265) Chess.com INT 2022}) 10. Na4 Bxd5 11. Nc5 (11. c4 $14 bxc3 12. bxc3) 11... a5 12. c4 bxc3 13. bxc3 {[%cal Bb2c3,Bc3c4][%mdl 32] c4 is the strong threat.} Ne4 (13... e6 $11 {remains equal.}) 14. c4 Nxc5 15. dxc5 Be4 16. Qxd8+ Kxd8 {[#]} 17. O-O (17. Ne5 $1 $16 Ke8 18. f3) 17... e6 18. Be3 (18. Ne5 $5 Ke8 19. Re1 $14) 18... Be7 19. Ne5 Ke8 20. f3 Bc2 21. Ra3 Bf6 22. Rf2 ({White should try} 22. Bd4 $11) 22... Bxb3 $15 {A strong pair of Bishops.} 23. Nxf7 $2 (23. Rxb3 $15 Bxe5 24. f4) 23... Kxf7 $19 24. Rxb3 Rhb8 25. Rxb8 Rxb8 {[%mdl 4096] Endgame KRB-KRB} 26. Ra2 {[#] Inhibits a4.} Rb1+ $1 27. Kf2 Rb2+ 28. Rxb2 Bxb2 {KB-KB} 29. Ke2 Ke7 30. Kd3 Kd7 ({Better is} 30... Ba3 $17 {aiming for ...a4.} 31. Bd4 g6) 31. Bd2 (31. Kc2 $1 $15 Ba3 32. Kb3) 31... a4 32. Bb4 (32. Be3 $17) 32... Kc6 33. h3 g6 34. g3 h6 35. Bd2 $2 (35. g4) 35... Bg7 $2 ({Weaker is} 35... a3 36. Kc2 $19) (35... Kxc5 {Hoping for ...a3.} 36. Kc2 Be5) 36. Be3 $2 (36. Bb4 $19) 36... a3 {Weighted Error Value: White=0.59/Black=0.33} 0-1

[Event "Benidorm Open-B 2022"]
[Site "Benidorm"]
[Date "2022.12.06"]
[Round "5.9"]
[White "Millward, Kevin P"]
[Black "Ingham, H William"]
[Result "1/2-1/2"]
[ECO "A45"]
[WhiteElo "1928"]
[BlackElo "1831"]
[Annotator "TA"]
[PlyCount "65"]
[EventDate "2022.12.03"]
[EventType "swiss"]
[EventCountry "ESP"]
[SourceTitle "playchess.com"]
[Source "ChessBase"]
[SourceQuality "1"]
[TimeControl "5400+30"]

1. d4 Nf6 2. Nc3 d6 3. Bf4 c6 4. e4 Qa5 5. f3 e5 6. Be3 {B07: Pirc Defence: Miscellaneous Systems.} Be7 7. Qd2 b5 {[#]} 8. Nge2 $146 {The position is equal.} ({Predecessor:} 8. d5 b4 9. Nd1 cxd5 10. Nf2 h6 11. exd5 Nxd5 12. Bc4 Nxe3 13. Qxe3 {1-0 (39) Banach,S (1809)-Piechota,P (2070) Poznan 2013}) 8... b4 9. Nd1 Ba6 (9... O-O $11 {keeps the balance.}) 10. c3 bxc3 11. Qxc3 Qxc3+ 12. Ndxc3 exd4 13. Nxd4 Bxf1 14. Rxf1 c5 (14... g6 $16) 15. Ndb5 {Strongly threatening Nc7+.} Kd7 {Inhibits Nc7.} 16. O-O-O $36 {[%mdl 2048] White has strong initiative.} Kc6 17. Rf2 {White is much more active.} a6 18. Na3 {Threatens to win with Nc4.} Nbd7 19. Na4 (19. Nc4 $142) 19... Nb6 (19... d5 $16) 20. Nxb6 $18 Kxb6 21. Nc4+ Kc6 22. e5 ({White should try} 22. Kc2 $18) 22... Ne8 $2 {[#]} (22... dxe5 $16 {was called for.} 23. Nxe5+ Kb5) 23. exd6 Nxd6 24. Ne5+ Kb5 25. Rxd6 $2 Bxd6 $11 26. Nxf7 Bxh2 {[#] And now ...Rhe8 would win.} 27. Nxh8 Rxh8 $18 {[%mdl 4096] Endgame KRB-KRB} 28. Rc2 Bd6 29. b3 Re8 30. Kd2 Rd8 31. Kc1 Re8 32. Kd2 Rd8 33. Kc1 {Black defended with fortune.   Weighted Error Value: White=0.36/Black=0.29 (precise)} (33. Ke2 $14) 1/2-1/2

[Event "Benidorm Open-B 2022"]
[Site "Benidorm"]
[Date "2022.12.06"]
[Round "5.10"]
[White "Izquierdo Carbellido, Pablo"]
[Black "Rios Garcia, Miguel"]
[Result "1/2-1/2"]
[ECO "A84"]
[WhiteElo "1900"]
[BlackElo "1829"]
[Annotator "TA"]
[PlyCount "115"]
[EventDate "2022.12.03"]
[EventType "swiss"]
[EventCountry "ESP"]
[SourceTitle "playchess.com"]
[Source "ChessBase"]
[SourceQuality "1"]
[TimeControl "5400+30"]

1. d4 f5 2. c4 e6 3. Nf3 Nf6 4. g3 b6 5. Bg2 Bb4+ 6. Bd2 {A84: Dutch Defence: 2 c4 Miscellaneous.} Bxd2+ 7. Nfxd2 ({Much worse is} 7. Kxd2 Bb7 $15) 7... d5 8. O-O {White is slightly better.} O-O 9. Nc3 c6 {[#]} 10. b3 $146 ({Predecessor:} 10. e3 Nbd7 11. b4 Bb7 12. a4 Qe7 13. c5 e5 14. Nb3 a5 15. b5 bxc5 16. dxc5 {½-½ (48) Shuvalova,P (2476)-Balla,T (2336) Chess.com INT 2021}) 10... Nbd7 11. Nf3 Ne4 12. Rc1 Ba6 13. Ne1 (13. Nxe4 {simplifies} fxe4 14. Ne1 Nf6 15. f3) 13... Qg5 14. Nd3 Rac8 15. Nf4 Qe7 16. f3 Nd6 17. cxd5 $1 exd5 18. Qd2 {Inhibits Qe3+.} Rfe8 19. Rfe1 {Threatening e4.} Nf6 {Inhibits e4.} 20. Nd3 Bxd3 21. Qxd3 Qe3+ 22. Qxe3 Rxe3 23. Kf2 Re7 24. e3 Kf7 25. Rc2 g5 26. h3 (26. Rec1 {feels stronger.}) 26... h5 (26... Rce8 $142) 27. Na4 (27. Rec1 $11) 27... Ke8 ({Black should try} 27... g4 $15) 28. Nb2 $11 g4 29. hxg4 hxg4 30. Rh1 Nf7 31. Nd3 (31. Rh4 {is interesting.} gxf3 32. Bh3 Ne4+ 33. Kxf3 Nfg5+ 34. Kf4) 31... gxf3 32. Bxf3 Kd7 33. Rh4 Rce8 34. Re2 Ne4+ 35. Bxe4 Rxe4 36. Rh7 Ke6 (36... R4e7 $11) 37. Rc2 Nd8 38. Ne5 ({Resist} 38. Rxa7 Kd6 $16) (38. b4 $18) 38... c5 $16 39. Rxa7 cxd4 40. exd4 Rxd4 {[#]} ({Better is} 40... f4) 41. Nf3 $1 {White has more active pieces.} Re4 (41... Rb4 $16 {keeps fighting.} 42. Re2+ Re4) 42. Ng5+ $18 Ke5 (42... Kd6 $142 43. Nxe4+ fxe4) 43. Nxe4 (43. Ra8 $142) 43... fxe4 {[%mdl 4096] Endgame KRR-KRN} 44. Rc8 Rf8+ 45. Ke2 Rh8 46. Rd7 Rh2+ {[#]} 47. Kf1 $2 ({Worse is} 47. Ke3 Ne6 48. Re8 Rxa2 $15) ({White has to play} 47. Ke1 $1 $18 Ne6 48. Re8) 47... Ne6 $11 {The position is equal.} 48. Re8 {Hoping for Rb7.} d4 $1 49. Rxd4 Kxd4 50. Rxe6 Rxa2 51. Rxb6 {KR-KR} Ra1+ 52. Ke2 Ra2+ 53. Kf1 Ke3 54. Rc6 Kf3 {( -> ...Ra1+)} 55. Rf6+ Kxg3 56. b4 Rb2 57. b5 Rxb5 58. Ke2 {Black escapes into a draw.   Weighted Error Value: White=0.21 (precise) /Black=0.20 (precise)} 1/2-1/2

[Event "Benidorm Open-B 2022"]
[Site "Benidorm"]
[Date "2022.12.06"]
[Round "5.12"]
[White "Pedraza Fernandez, Miguel Angel"]
[Black "Camison Zornoza, Cesar"]
[Result "1-0"]
[ECO "A51"]
[WhiteElo "1784"]
[BlackElo "1875"]
[Annotator "NA RC COMBH"]
[PlyCount "47"]
[EventDate "2022.12.03"]
[EventType "swiss"]
[EventCountry "ESP"]
[SourceTitle "playchess.com"]
[Source "ChessBase"]
[SourceQuality "1"]
[TimeControl "5400+30"]

1. d4 Nf6 2. c4 e5 3. dxe5 Ne4 4. a3 d6 5. Qc2 Bf5 6. Nc3 Ng3 7. e4 Nxh1 8. exf5 dxe5 9. Qe4 Nc6 10. Nf3 Bc5 11. Be3 Bxe3 12. fxe3 O-O 13. Rd1 Nd4 14. exd4 exd4 15. Rxd4 Qf6 16. Nd5 Qh6 17. Qf4 Rfe8+ 18. Be2 Qa6 19. Nxc7 Qb6 20. Nxe8 Rxe8 21. Qd2 h6 22. Kf1 Qc5 23. Kg1 Qxf5 24. Kxh1 1-0

[Event "Benidorm Open-B 2022"]
[Site "Benidorm"]
[Date "2022.12.06"]
[Round "5.13"]
[White "Sai Hrushikesh Simhdri"]
[Black "Ionita, Emilian-Paul"]
[Result "1-0"]
[ECO "B77"]
[WhiteElo "1460"]
[BlackElo "1919"]
[Annotator "TA"]
[PlyCount "193"]
[EventDate "2022.12.03"]
[EventType "swiss"]
[EventCountry "ESP"]
[SourceTitle "playchess.com"]
[Source "ChessBase"]
[SourceQuality "1"]
[TimeControl "5400+30"]

1. e4 c5 2. Nf3 d6 3. d4 cxd4 4. Nxd4 Nf6 5. Nc3 g6 6. Be3 Bg7 7. f3 Nc6 8. Bc4 O-O 9. Qd2 Nd7 10. O-O-O Nb6 11. Bb3 Na5 12. Qe2 Bd7 13. g4 {B77: Sicilian Dragon: Yugoslav Attack, 9 Bc4 sidelines.} (13. h4 $14) 13... Rc8 14. Kb1 Nbc4 15. Bc1 {[#] Inhibits b5. The position is equal.} Qb6 $146 (15... e6 $15) ({Predecessor:} 15... a6 16. Bxc4 Nxc4 17. h4 e6 18. h5 Qb6 19. Nb3 g5 20. Bxg5 Nxb2 21. Kxb2 Rxc3 {1-0 (36) Vitova,A (1734)-Jares,M (1893) Czech Republic 2019}) 16. Nd5 $14 Qd8 17. c3 e6 {Inhibits h4.} 18. Ne3 Nxb3 19. Nxb3 (19. axb3 $5 Nxe3 20. Bxe3 $11) 19... Bb5 20. Nxc4 Bxc4 {This pair of bishops is nice.} 21. Qe3 Qc7 22. Nd4 (22. Nd2 $11) 22... a5 (22... d5 $1 $17) 23. Rhe1 $11 Rfd8 24. h4 a4 25. Nc2 $1 Qc5 26. Na3 Ba6 27. Qxc5 dxc5 28. Rxd8+ Rxd8 29. c4 b6 (29... Rd3 $15 30. Be3 Bd4 31. Bxd4 Rxd4) 30. Kc2 Bd4 31. Be3 e5 32. Bxd4 (32. Bg5 $5 Rd6 33. Be7 $11) 32... Rxd4 {[%mdl 4096] Endgame KRB-KRN} 33. Rd1 Kf8 34. Rxd4 exd4 {KB-KN} 35. Kd3 {Prevents f5.} Ke7 36. f4 Bc8 37. g5 Bh3 38. b3 axb3 39. axb3 Bf1+ 40. Kd2 Bg2 41. Kd3 Bf3 42. Nb5 Kd7 43. b4 (43. e5 $11) 43... Bd1 (43... Bg2 $1 $17 {[%cal Rg2f1] aiming for ...Bf1+.} 44. Nxd4 (44. bxc5 $2 bxc5 45. Na3 Ke6 $19) 44... cxd4 45. Kxd4 Kc6) 44. Kd2 Ba4 45. bxc5 bxc5 46. Kd3 Bb3 47. e5 Bd1 48. Nd6 Bf3 $1 {Inhibits Nb7.} 49. Nxf7 Bg2 50. Nd6 Bf1+ 51. Kd2 {Hoping for f5.} Bg2 $2 (51... Ke6 $11) 52. Ke2 $2 (52. f5 $1 $18 Bf3 53. f6) 52... Bh1 $2 (52... Ke6 $11) 53. Kf2 $2 (53. f5 $18 Bg2 54. Kf2) 53... Bc6 $2 (53... Ke6 $11) 54. Nf7 $2 (54. f5 $18 gxf5 55. h5) 54... Be4 55. Nd6 $2 (55. Ke2 $11) 55... Bc6 $1 $18 56. Ke2 $2 (56. f5 $18) 56... Bg2 $2 (56... Bh1 $11) 57. Kd3 $2 ({White has to play} 57. f5 $1 $18 gxf5 58. h5) 57... Bf1+ $11 58. Kd2 $2 (58. Kc2 $11 Ke6 59. Kd2) 58... Bg2 $18 59. Kc2 $2 (59. f5 $1 $18 gxf5 60. h5) 59... Bf3 (59... Ke6 $1 $11 {remains equal.}) 60. Kb3 ({Better is} 60. Kd3 $16) 60... Bc6 $2 (60... Ke7 $11) 61. Kc2 $2 (61. f5 $1 $18 Bg2 62. f6) 61... Bg2 $2 (61... Bf3 $11) 62. Nb5 $2 (62. f5 $1 $18 gxf5 63. h5) 62... Bf3 (62... Bf1 $11) 63. Kd2 $16 Bg2 $2 (63... Kc6 $16) 64. Nd6 $2 (64. f5 $1 $18 Bh3 65. f6) 64... Bc6 $2 (64... Ke6 $11) 65. Kd3 $2 (65. f5 $1 $18 {[%cal Rf5f6] and the rest is easy.}) 65... Bg2 $2 (65... Bf3 $16) 66. Kd2 Bc6 67. Ke2 Bg2 68. Kf2 $2 (68. f5 $1 $18 {[%cal Rf5f6] f6 is the strong threat.} gxf5 69. h5) 68... Bh1 $2 (68... Bc6 $11) 69. Nb5 $2 (69. f5 $18 {[%cal Oh4h5] is the precise move to win. White threatens h5! and mate.} gxf5 70. h5) 69... Be4 {Against h5} 70. Nd6 ({White must play} 70. Ke2 $16) 70... Bh1 $2 (70... Bc6 $11) 71. Kg3 $2 (71. f5 $18 {Strongly threatening f6.} gxf5 72. h5) 71... Bc6 $2 {[#]} (71... Ke6 $11) 72. Nb5 $2 (72. f5 $1 $18 gxf5 73. h5) 72... Be4 73. Kf2 {Black must now prevent Nd6.} Bc6 $2 {[%mdl 8192] [#]} (73... Ke6 $11 {and Black is okay.}) 74. Na7 $2 (74. f5 $1 $18 {[%cal Rf5f6] And now f6 would win.} gxf5 75. h5) 74... Be4 $11 75. Ke2 {Prevents Bd3+.} Bg2 76. Nb5 {[%cal Of4f5] Threatens to win with f5!} Be4 $1 {Inhibits f5.} 77. Nd6 Bc6 $2 {[%mdl 8192] White now steadily converts the win.} (77... Bg2 $11) 78. Kf2 (78. f5 $142 gxf5 79. h5) 78... Bh1 $18 79. Ke2 $2 (79. f5 $18 {[%cal Oh4h5] h5! would kill now.} gxf5 80. h5) 79... Bc6 $2 {[%mdl 8192] Prevents h5.} (79... Bg2 $11) 80. Kf2 (80. f5 $142) 80... Bh1 81. f5 gxf5 82. h5 {[%cal Bh4h5,Bh5g6][%mdl 32] White mates.} Ke7 83. g6 hxg6 84. hxg6 Kf8 85. e6 Kg7 86. e7 Bc6 87. e8=Q Bxe8 88. Nxe8+ Kxg6 {KN-K3P} 89. Nd6 f4 90. Ne4 Kf5 91. Nxc5 {KN-KPP} Ke5 92. Nd3+ Ke4 93. Ke2 f3+ 94. Kd2 Kf5 95. c5 Ke6 96. Ke1 Kd5 97. Kf2 {Weighted Error Value: White=0.78/Black=0.19 (very precise)} 1-0

[Event "Benidorm Open-B 2022"]
[Site "Benidorm"]
[Date "2022.12.06"]
[Round "5.14"]
[White "Ruiz Ureta, Ernesto"]
[Black "Skielnik, Joseph J"]
[Result "0-1"]
[ECO "D04"]
[WhiteElo "1937"]
[BlackElo "1797"]
[Annotator "TA"]
[PlyCount "85"]
[EventDate "2022.12.03"]
[EventType "swiss"]
[EventCountry "ESP"]
[SourceTitle "playchess.com"]
[Source "ChessBase"]
[SourceQuality "1"]
[TimeControl "5400+30"]

1. d4 d5 2. Nf3 Nf6 3. e3 Bf5 4. Nh4 e6 5. Nxf5 exf5 6. Bd3 {D04: Colle System.} g6 7. Nd2 Nbd7 8. O-O {The position is equal.} Bg7 {[#]} 9. c4 $146 ({Predecessor:} 9. c3 c6 10. f3 O-O 11. e4 fxe4 12. fxe4 dxe4 13. Nxe4 Nxe4 14. Bxe4 Qb6 15. Kh1 {½-½ (35) Bracco,V (1400)-Scovazzi,T (1643) Milan 2015}) 9... O-O 10. cxd5 Nb6 11. Nf3 Nbxd5 12. Bd2 Re8 13. Rc1 Ne4 14. Bc4 c6 15. a4 Qe7 16. a5 a6 17. Qb3 Rad8 18. Bxd5 (18. Rfd1 $11) 18... Rxd5 $17 19. Rc2 {Against f4} (19. Bc3 $142) 19... Rb5 20. Qc4 Rd8 21. Ra1 Rdd5 22. Be1 g5 23. Nd2 (23. Bc3 $15) 23... Nd6 {Black is much more active.} 24. Qd3 f4 25. Nb1 (25. Rac1 $17 {is a better defense.}) 25... fxe3 26. fxe3 {[#]} (26. Qxe3 {was necessary.} Qd8 27. Qc1) 26... Rxd4 $3 27. Qe2 Re4 28. Bf2 Re6 29. Nc3 Bxc3 30. bxc3 Ne4 31. c4 Rbe5 32. Be1 Kg7 33. Rb1 Kg6 34. g4 (34. Bb4 {keeps fighting.} c5 35. Be1) 34... Nc5 35. Bd2 Ne4 $2 (35... Re4 $19 {And now ...Kg7 would win.} 36. Kh1 Kg7) 36. Bc1 $2 (36. Be1 $1 $11 {and White stays safe.}) 36... Rxa5 $19 37. Qd3 Rd6 38. Qf1 (38. Qe2 {is the only way for White.}) 38... Qf6 39. Qe2 $2 (39. Rxb7 Ra1 40. Qf5+ Qxf5 41. gxf5+ Kxf5 42. Rxf7+ Kg6 43. Rf1) 39... Qe6 (39... Nc3 $142 40. Rxc3 Qxc3) 40. Rxb7 $2 (40. Bb2) 40... Ra1 {Threatens to win with ...Nc5.} 41. Kg2 {[#]} Rxc1 $1 42. Rb8 (42. Rbb2 Rdd1) 42... Rxc2 43. Rg8+ {Weighted Error Value: White=0.92/Black=0.35} 0-1

[Event "Benidorm Open-B 2022"]
[Site "Benidorm"]
[Date "2022.12.06"]
[Round "5.15"]
[White "Kane, Robert"]
[Black "Lopez Palomar, Jose"]
[Result "1-0"]
[ECO "E70"]
[WhiteElo "1738"]
[BlackElo "1913"]
[Annotator "TA"]
[PlyCount "58"]
[EventDate "2022.12.03"]
[EventType "swiss"]
[EventCountry "ESP"]
[SourceTitle "playchess.com"]
[Source "ChessBase"]
[SourceQuality "1"]
[TimeControl "5400+30"]

1. d4 Nf6 2. c4 g6 3. Nc3 Bg7 4. e4 d6 5. Nge2 O-O 6. Ng3 e5 7. d5 Nbd7 8. Be2 Ne8 {E70: King's Indian: Miscellaneous lines with 4 e4, including 5 Nge2 and 5 Bd3 0-0 6 Nge2.} 9. h4 f5 10. exf5 gxf5 {White is slightly better.} 11. Nh5 Ndf6 12. Nxg7 {White is more active.} Nxg7 {[#]} 13. Bg5 $146 ({Predecessor:} 13. h5 f4 14. g4 fxg3 15. fxg3 Nf5 16. g4 Ng3 17. Rg1 Nfe4 18. Nxe4 Nxe4 19. g5 {1-0 (53) Danada,T (2116)-Diviak,R (1955) Slovakia 2015}) 13... Qd7 14. h5 (14. Qd2 $16) 14... Nge8 {White now steadily converts the win.} (14... f4 $1 $11 {keeps the balance.}) 15. Qd2 $36 {[%mdl 2048] White is in control.} Kf7 (15... a6 $16 {was necessary.} 16. O-O-O Qf7) 16. O-O-O Rg8 17. f4 b5 (17... e4 {is a better defense.} 18. b3 c5) 18. cxb5 $18 ({Not} 18. Nxb5 Ne4 19. Qe3 Nxg5 $16) 18... e4 19. Qd4 Qe7 20. h6 {White is clearly winning.} Qf8 21. g4 Rg6 22. Bxf6 Nxf6 23. g5 Nd7 24. Bh5 a6 25. Nxe4 fxe4 26. f5 {[%mdl 64] [#] Pin} Ne5 27. fxg6+ Kg8 28. gxh7+ Kxh7 29. Rdf1 Qg8 {Weighted Error Value: White=0.07 (flawless) /Black=0.67} 1-0

[Event "Benidorm Open-B 2022"]
[Site "Benidorm"]
[Date "2022.12.08"]
[Round "6.1"]
[White "Goktepe, Derin"]
[Black "Aadith R"]
[Result "1-0"]
[ECO "E18"]
[WhiteElo "1828"]
[BlackElo "1714"]
[Annotator "NA RC COMBH"]
[PlyCount "100"]
[EventDate "2022.12.03"]
[EventType "swiss"]
[EventCountry "ESP"]
[SourceTitle "playchess.com"]
[Source "ChessBase"]
[SourceQuality "1"]
[TimeControl "5400+30"]

1. d4 Nf6 2. c4 e6 3. Nf3 b6 4. g3 Bb7 5. Bg2 Be7 6. O-O O-O 7. Nc3 c5 8. d5 d6 9. e4 Re8 10. Qc2 Nbd7 11. Nd2 h5 12. dxe6 fxe6 13. e5 Bxg2 14. exf6 Bxf1 15. fxe7 Qxe7 16. Nxf1 Ne5 17. Qe4 Rf8 18. f4 Ng4 19. Ne3 Nf6 20. Qd3 Rad8 21. Bd2 d5 22. cxd5 exd5 23. Re1 Qf7 24. Ng2 Rfe8 25. Re5 Rxe5 26. fxe5 Ng4 27. Bf4 g5 28. e6 Qxe6 29. Bxg5 Rd7 30. h3 Ne5 31. Qe2 d4 32. Ne4 d3 33. Qxh5 Rh7 34. Nf6+ Qxf6 35. Qxh7+ Kxh7 36. Bxf6 d2 37. Ne3 Nc4 38. Nd1 b5 39. Kf2 Nd6 40. Ke2 a5 41. Be5 Nc4 42. Bc3 Nd6 43. Bxd2 b4 44. Bf4 Nf5 45. Ne3 Nd4+ 46. Kd3 a4 47. Kc4 Ne2 48. Kxc5 a3 49. bxa3 bxa3 50. Kb4 Nd4 1-0

[Event "Benidorm Open-B 2022"]
[Site "Benidorm"]
[Date "2022.12.08"]
[Round "6.2"]
[White "Mallevaey, Guillaume"]
[Black "Tsiapko, Andrii"]
[Result "1/2-1/2"]
[ECO "A22"]
[WhiteElo "1761"]
[BlackElo "1619"]
[Annotator "NA RC COMBH"]
[PlyCount "114"]
[EventDate "2022.12.03"]
[EventType "swiss"]
[EventCountry "ESP"]
[SourceTitle "playchess.com"]
[Source "ChessBase"]
[SourceQuality "1"]
[TimeControl "5400+30"]

1. c4 e5 2. g3 Nf6 3. Nc3 d5 4. cxd5 Nxd5 5. Bg2 Nb6 6. Nf3 Nc6 7. O-O Be7 8. d3 Be6 9. Be3 Nd5 10. Nxd5 Bxd5 11. Rc1 O-O 12. a3 Re8 13. Qa4 Bf6 14. Rfe1 a6 15. Qc2 Qd7 16. Nd2 Bxg2 17. Kxg2 Qd5+ 18. Ne4 Be7 19. Qc4 Qxc4 20. Rxc4 f5 21. Nc5 Bxc5 22. Rxc5 Rad8 23. b4 Rd7 24. b5 axb5 25. Rxb5 b6 26. Rc1 Re6 27. Rb2 Na7 28. Bg5 Nc8 29. Be3 Ne7 30. Bg5 Nc8 31. a4 h6 32. Bd2 Ne7 33. a5 bxa5 34. Bxa5 c6 35. Rbc2 Kf7 36. Bb4 Nd5 37. Bc5 e4 38. dxe4 Rxe4 39. e3 Re6 40. Bd4 Ne7 41. Rc5 Rd5 42. Rxd5 Nxd5 43. Ra1 g5 44. Ra8 Re8 45. Ra6 Rc8 46. Bc5 Ke6 47. Ra7 Nc7 48. Bb6 Kd6 49. Ra5 Nd5 50. Bc5+ Ke6 51. f3 Nf6 52. Kf2 Rb8 53. Bd4 Nd7 54. e4 fxe4 55. fxe4 Nf6 56. Bxf6 Kxf6 57. Rc5 Rb2+ 1/2-1/2